 Dungeon Crawl Stone Soup version 0.29-a0-330-g52719c12eb (webtiles) character file.

Game seed: 7524503348950606831

578 Aelig the Skirmisher (level 7, -3/60 HPs)
             Began as a Mummy Fighter on May 15, 2022.
             Was an Initiate of Ashenzari.
             Slain by an ogre
             ... wielding a +0 giant club
              (12 damage)
             ... on level 4 of the Dungeon.
             The game lasted 00:08:37 (3448 turns).

Aelig the Skirmisher (Mummy Fighter)                Turns: 3448, Time: 00:08:37

Health: -3/60      AC: 12    Str: 27    XL:     7   Next: 13%
Magic:  7/7        EV:  8    Int:  8    God:    Ashenzari [......]
Gold:   171        SH:  4    Dex: 11    Spells: 6/6 levels left

rFire   x . .      SeeInvis .   a - +0 flail
rCold   + . .      Faith    .   c - +0 buckler
rNeg    + + +      Spirit   .   t - +0 chain mail
rPois   ∞          Reflect  .   r - +0 helmet "Elysian Seer" {Fort, Range} (curse)
rElec   .          Harm     .   (no cloak)
rCorr   .          Rampage  .   w - +0 pair of gloves
Will    .....                   l - +0 pair of boots
Stlth   ..........              (no amulet)
HPRegen 0.20/turn               h - +6 ring of strength
MPRegen 0.10/turn               (no ring)

@: no status effects
A: cold resistance 1, negative energy resistance 3, torment resistance 2, heat
vulnerability 1, in touch with death 1, no potions
a: Renounce Religion, Shatter the Chains


You were on level 4 of the Dungeon.
You worshipped Ashenzari.
Ashenzari was noncommittal.
You visited 1 branch of the dungeon, and saw 4 of its levels.

You collected 171 gold pieces.

Inventory:

Hand Weapons
 a - a +0 flail (weapon)
Missiles
 e - 124 stones (quivered)
 i - 2 javelins
Armour
 c - a +0 buckler (worn)
 l - a +0 pair of boots (worn)
 r - the cursed +0 helmet "Elysian Seer" (worn) {Fort, Range}
   (You found it on level 2 of the Dungeon)

   It has a curse which improves the following skills: Fortitude: Armour and
   Shields.
   Ranged Combat: Slings, Bows, Crossbows and Throwing.
 t - a +0 chain mail (worn)
 w - a +0 pair of gloves (worn)
Jewellery
 h - a +6 ring of strength (left hand)
 v - a ring of protection from fire
Wands
 m - a wand of mindburst (40)
 q - a wand of flame (18)
Scrolls
 b - a scroll of magic mapping {unknown}
 d - 2 scrolls of teleportation {unknown}
 f - a scroll of enchant armour {unknown}
 g - a scroll of holy word {unknown}
 j - a scroll of fear {unknown}
 k - a scroll of blinking {unknown}
 n - a scroll of noise {unknown}
 o - a scroll of summoning {unknown}
 p - 2 scrolls of identify {unknown}
 s - a scroll of fog {unknown}
 u - a scroll of enchant weapon {unknown}
 x - a scroll of acquirement {unknown}
 y - a scroll of brand weapon {unknown}


   Skills:
 - Level 7.3 Fighting
 * Level 2.8 Maces & Flails
 - Level 2.4(2.8) Armour
 + Level 3.1(3.5) Shields


You had 6 spell levels left.
You didn't know any spells.
Your spell library contained the following spells:

 Spells                   Type           Power      Damage    Failure   Level
 Frozen Ramparts          Ice            0%         1d2       100%        3
 Summon Ice Beast         Ice/Summ       0%         N/A       100%        4
 Chain Lightning          Conj/Air       0%         N/A       100%        9
 Fire Storm               Conj/Fire      0%         5d1       100%        9
 Shatter                  Erth           0%         3d5*      100%        9
 Ice Form                 Ice/Tmut       Unusable   N/A       N/A         4

Dungeon Overview and Level Annotations

Branches:
Dungeon (4/15)             Temple (0/1) D:4

Altars:
Ashenzari
Gozag
Yredelemnul

Annotations:
D:3 1 runed translucent door


Innate Abilities, Weirdness & Mutations

You are immune to poison.
Your flesh is cold resistant. (rC+)
You are immune to negative energy. (rN+++)
You are immune to unholy pain and torment.
You are vulnerable to heat. (rF-)
You are in touch with the powers of death.
You do not drink.


Message History

No target in view!
No target in view!
Things that are here:
a jackal corpse; a jackal corpse
There is an open door here.
There is an open door here.
A goblin comes into view. It is wielding a +0 club.
The goblin hits you but does no damage.
You sock the goblin!
You kill the goblin!
Things that are here:
a +0 club; a goblin corpse
Found a scale mail.
You open the door.
An ogre comes into view. It is wielding a +0 giant club.
The ogre shouts!
There is an open door here.
You hit the ogre.
The ogre is lightly wounded.
The ogre hits you with a +0 giant club!!
You barely miss the ogre.
The ogre is lightly wounded.
The ogre hits you with a +0 giant club!
You can't drink.
Unknown command.
Unknown command.
You hit the ogre.
The ogre is moderately wounded.
The ogre barely misses you.
You sock the ogre!
The ogre is heavily wounded.
The ogre barely misses you.
You hit the ogre.
The ogre is severely wounded.
The ogre hits you with a +0 giant club!
* * * LOW HITPOINT WARNING * * *
You hit the ogre.
The ogre is severely wounded.
The ogre hits you with a +0 giant club!
You die...

... #...#...#.. ..
##.#.#.#...# ###.#
#..#...##.## ....
#.#.#[..... #..##
#...##.###. #...#
##.#........ ###########'#
#..##.###.##
#.........O#....#..........
#..)......@####.##.###.###.
####..######..# .
#.#######. #..#..# #..##
###......... #.##..# #..##.
#....###### #.##..#
#..##.##<##.# #.##..# #..#
#.#.#.## #.##..######..#
##...## #..#.........[#
#.....# ##.#..........#
#.#.#.#


You could see an ogre.

Vanquished Creatures
  A black bear (D:4)
  A sky beast (D:3)
  A phantom (D:3)
  2 iguanas (D:4)
  2 human skeletons (D:3)
  2 orc wizards (D:3)
  4 gnolls
  6 adders
  A worm (D:2)
  5 dart slugs
  7 orcs
  5 bats
  3 endoplasms (D:3)
  4 giant cockroaches
  A goblin (D:4)
  5 hobgoblins
  5 jackals
  4 quokkas
  4 ball pythons
  3 frilled lizards (D:3)
  5 kobolds
  A kobold skeleton (D:3)
  3 rats
75 creatures vanquished.

Notes
Turn   | Place    | Note
-------+----------+-------------------------------------------
     0 | D:1      | Aelig the Mummy Fighter began the quest for the Orb.
     0 | D:1      | Reached XP level 1. HP: 18/18 MP: 1/1
   351 | D:1      | Reached XP level 2. HP: 20/24 MP: 2/2
   902 | D:2      | Reached skill level 4 in Fighting
   960 | D:2      | Gained mutation: You are in touch with the powers of death.
                  | [Mummy growth]
   960 | D:2      | Reached XP level 3. HP: 26/31 MP: 3/3
  1516 | D:3      | Noticed a human
  1516 | D:3      | Found a runed translucent door.
  1531 | D:3      | Reached skill level 5 in Fighting
  1531 | D:3      | Reached XP level 4. HP: 33/39 MP: 4/4
  1596 | D:3      | Noticed a sky beast
  1609 | D:3      | Killed a sky beast
  1610 | D:3      | Reached XP level 5. HP: 46/46 MP: 5/5
  1618 | D:3      | Reached skill level 6 in Fighting
  1622 | D:3      | Found a broken altar of Ashenzari.
  1635 | D:3      | Became a worshipper of Ashenzari the Shackled
  1650 | D:3      | Noticed a phantom
  1661 | D:3      | Killed a phantom
  1764 | D:3      | Found an opulent altar of Gozag.
  2043 | D:3      | Reached XP level 6. HP: 35/53 MP: 6/6
  2049 | D:3      | Reached skill level 7 in Fighting
  2274 | D:3      | Found a faded altar of an unknown god.
  2364 | D:3      | Found a basalt altar of Yredelemnul.
  3075 | D:4      | Found a staircase to the Ecumenical Temple.
  3249 | D:4      | Reached XP level 7. HP: 53/60 MP: 7/7
  3448 | D:4      | Slain by an ogre

Illustrated notes

Levels and vault maps discovered:
D:1:      dpeg_arrival_lava_temple_mockup, layout_basic
D:2:      layout_basic, minmay_randomly_rotated_circles
D:3:      layout_rooms, ashenzari_altar_1, grunt_gozag_breadcrumbs,
          dk_yredelemnul_ordeal, hellmonk_ecumenical_altar_zigzags
D:4:      layout_loops_cross, minmay_temple_entry_large_hall,
          nicolae_concentric_dashed_squares_wild, kennysheep_pointless_box,
          minmay_fountain_box

Skill      XL: |  1  2  3  4  5  6 |
---------------+-------------------+-----
Fighting       | 4 5 6 7 |  7.3
Maces & Flails | 2 |  2.8
Shields        | 3 |  3.1
Armour         | |  2.4

Action                   |  1- 3 |  4- 6 |  7- 9 || total
-------------------------+-------+-------+-------++-------
Melee: Flail             |    73 |   162 |    33 ||   268
Invok: Curse Item        |       |     1 |       ||     1
Armor: Scale mail        |    42 |       |       ||    42
       Chain mail        |     4 |   130 |    20 ||   154
Dodge: Dodged            |    38 |   113 |    18 ||   169
Block: Buckler           |    18 |    43 |     6 ||    67

Table legend: (Time is in decaauts)
 A = Elapsed time spent in this place.
 B = Non-inter-level travel time spent in this place.
 C = Inter-level travel time spent in this place.
 D = Time resting spent in this place.
 E = Time spent auto-exploring this place.
 F = Levels seen in this place.
 G = Mean time per level.
                   A        B        C        D        E       F      G
               +--------+--------+--------+--------+--------+-----+--------+
         Total |   3548 |   3499 |     49 |    639 |   1950 |   4 |  887.0 |
       Dungeon |   3548 |   3499 |     49 |    639 |   1950 |   4 |  887.0 |
               +--------+--------+--------+--------+--------+-----+--------+

Top non-repeatable levels by time:
     D:3: 1473 daAuts
     D:1: 830 daAuts
     D:2: 708 daAuts
     D:4: 536 daAuts
